AoeStats
← 鄙人張麻子

African Clearing

505827380Analyzed
4v4 RM · 21d ago on Sep 11, 2026· 43m 21s· 8 players
Game mode
Random Map
Map size
Large (8 player)
Population
200
Speed
Normal
Resources
Standard
Victory
Conquest
Starting age
Dark Age
Ending age
Imperial Age
RankedLock teamsTeams togetherTeam positionsShared explorationLock speedFull tech treeHidden civsTurbo modeCheats
Victory
Defeat
🇵🇰 Tatars · Pakistan
1268
+17
🇨🇳 Magyars · China
1243
+18
🇨🇳 Inca · China
1199
+21
🇹🇼 Vietnamese · Taiwan
1186
+20
🇦🇷 Berbers · Argentina
1303
-19
🇨🇱 Japanese · Chile
1291
-19
🇩🇪 Vietnamese · Germany
1287
-19
🇦🇷 Huns · Argentina
1281
-19
深秋
4:00 Loom
14:00 Feudal Age
19:59 Castle Age
18:06 Double-Bit Axe
23:41 Bow Saw
24:56 Horse Collar
27:10 Town Watch
30:31 Wheelbarrow
30:59 Heavy Plow
33:07 Husbandry
33:18 Bloodlines
33:04 Light Cavalry
38:24 Imperial Age
37:35 Scale Barding Armor
38:36 Chain Barding Armor
39:30 Cavalier
43:50 Hand Cart
coys
4:04 Loom
5:08 Loom
14:04 Feudal Age
15:04 Double-Bit Axe
17:48 Castle Age
17:43 Fletching
18:51 Bow Saw
21:26 Bodkin Arrow
24:25 Padded Archer Armor
27:17 Wheelbarrow
30:22 Gold Mining
30:22 Stone Mining
31:36 Leather Archer Armor
32:25 Horse Collar
33:29 Husbandry
33:40 Bloodlines
35:05 Ballistics
35:36 Scale Barding Armor
40:49 Imperial Age
38:14 Light Cavalry
39:15 Chain Barding Armor
39:06 Forging
41:52 Iron Casting
40:54 Heavy Cavalry Archer
42:57 Chemistry
EU _XING
5:14 Loom
14:21 Feudal Age
15:44 Double-Bit Axe
20:22 Horse Collar
22:53 Castle Age
21:18 Gold Mining
22:45 Wheelbarrow
21:37 Champi Runner
23:48 Town Watch
24:13 Pikeman
26:32 Bow Saw
26:26 Heavy Plow
31:52 Fletching
35:36 Bodkin Arrow
39:47 Imperial Age
37:45 Scale Mail Armor
37:55 Forging
37:46 Scale Mail Armor
37:56 Forging
39:15 Hand Cart
39:17 Chain Mail Armor
38:29 Champi Warrior
39:35 Squires
40:08 Stone Mining
40:06 Elite Champi Warrior
41:15 Treadmill Crane
42:21 Conscription
42:44 Plate Mail Armor
42:49 Iron Casting
42:45 Plate Mail Armor
43:08 Arson
鄙人張麻子
11:12 Loom
13:57 Feudal Age
15:10 Double-Bit Axe
15:21 Horse Collar
17:46 Castle Age
15:55 Horse Collar
17:22 Fletching
18:22 Bodkin Arrow
18:45 Bow Saw
23:26 Wheelbarrow
25:58 Town Watch
26:52 Ballistics
26:59 Padded Archer Armor
28:59 Gold Mining
32:12 Hand Cart
32:21 Leather Archer Armor
36:25 Bloodlines
36:46 Husbandry
40:11 Imperial Age
38:42 Stone Mining
38:54 Heavy Plow
40:03 Thumb Ring
42:12 Ring Archer Armor
41:45 Bracer
42:48 Chemistry
42:54 Stone Shaft Mining
43:13 Ring Archer Armor
43:42 Paper Money
43:10 Elite Rattan Archer
GamerDad
4:39 Loom
16:15 Feudal Age
16:47 Double-Bit Axe
18:35 Town Watch
23:33 Castle Age
22:43 Fletching
24:32 Thumb Ring
26:29 Bodkin Arrow
39:13 Padded Archer Armor
heavensent
13:02 Loom
15:03 Feudal Age
19:45 Castle Age
19:58 Double-Bit Axe
20:59 Bow Saw
20:36 Horse Collar
24:24 Wheelbarrow
24:20 Gold Mining
31:13 Hand Cart
31:36 Gold Shaft Mining
35:05 Imperial Age
33:17 Bloodlines
34:08 Scale Barding Armor
34:13 Forging
34:38 Marauders
35:08 Husbandry
38:43 Chain Barding Armor
38:12 Light Cavalry
41:11 Hussar
Junioronga
11:22 Loom
13:29 Feudal Age
18:14 Castle Age
16:39 Double-Bit Axe
17:46 Fletching
18:01 Fishing Lines
18:53 Bloodlines
19:20 Bow Saw
19:37 Town Watch
21:26 Padded Archer Armor
22:42 Leather Archer Armor
26:34 Bodkin Arrow
27:33 Ballistics
27:44 Husbandry
31:21 Gillnets
34:04 Thumb Ring
36:53 Wheelbarrow
39:28 Imperial Age
37:07 Gold Mining
37:16 Stone Mining
40:56 Bracer
emu
3:41 Loom
13:28 Feudal Age
14:26 Double-Bit Axe
20:46 Castle Age
19:26 Scale Barding Armor
20:29 Forging
20:33 Bloodlines
25:39 Chain Barding Armor
27:18 Horse Collar
27:27 Light Cavalry
31:40 Husbandry
36:00 Bow Saw
40:32 Iron Casting
42:35 Imperial Age
44:26 Blast Furnace
42:55 Cavalier
Connection lost

Rejoining the realm…

Still unreachable

The connection could not be restored.

Session expired

The server has moved on; the page needs a fresh start.